Map: Blueshift LE

Players

ViBE - Winner!

  • Race: Zerg Zerg
  • League: Platinum
  • Spawn Location: 1:00

Grandeur

  • Race: Protoss Protoss
  • Spawn Location: 7:00

VOD

Have the link to the VOD?

Description

Time

  • Played on: Nov. 30, 2018, 1:43 a.m.
  • Length: 8:33
Show
View Real Time Build Order
Export as new Build Order

ViBE Zerg - Winner!

Build Orders: Hatch First, Roach Hydra 

Get SALT Encoding   

  12  0:01  Drone  
  13  0:12  Overlord  
  13  0:17  Drone  
  14  0:31  Drone x2  
  14  0:35  Drone  
  17  0:52  Hatchery  
  17  0:55  Drone  
  17  0:59  Drone  
  18  1:12  Spawning Pool  
  18  1:17  Drone  
  18  1:19  Drone  
  19  1:31  Drone  
  20  1:33  Extractor  
  19  1:48  Overlord  
  19  2:00  Queen  
  21  2:04  Queen  
  23  2:10  Drone x3  
  23  2:14  Drone  
  27  2:21  Drone  
  28  2:29  Drone x2  
  31  2:37  Drone x2, Lair  
  32  2:47  Drone x2  
  34  2:51  Hatchery  
  34  2:54  Drone  
  34  3:02  Queen, Roach Warren  
  35  3:08  Overlord  
  35  3:11  Drone  
  36  3:16  Overlord  
  36  3:26  Drone x6  
  42  3:29  Drone  
  43  3:39  Drone x2  
  45  3:45  Extractor x2  
  45  3:46  Drone  
  44  3:52  Overlord, Drone  
  44  3:53  Drone x4  
  49  4:02  Overlord  
  49  4:07  Overlord  
  49  4:10  Drone x2  
  51  4:22  Roach x5  
  51  4:23  Roach x2, Glial Reconstitution  
  65  4:33  Overlord x2  
  65  4:36  Roach  
  65  4:37  Roach x3  
  73  4:43  Overlord  
  73  4:51  Overlord  
  73  4:57  Queen  
  75  5:04  Drone  
  75  5:05  Drone x7  
  83  5:09  Overlord  
  83  5:16  Drone x2  
  83  5:20  Evolution Chamber  
  84  5:22  Hydralisk Den  
  83  5:29  Drone  
  83  5:30  Drone x7  
  83  5:31  Drone  
  83  5:33  Extractor  
  91  5:41  Roach x4  
  99  5:47  Zerg Missile Weapons Level 1  
  99  5:50  Roach  
  99  5:51  Roach x4  
  109  5:58  Roach x2  
  109  5:59  Overlord x3  
  113  6:06  Grooved Spines  
  113  6:07  Overseer  
  113  6:14  Overlord x2  
  113  6:23  Roach x9  
  113  6:25  Roach  
  133  6:34  Hatchery  
  132  6:41  Hydralisk x6  
  132  6:44  Overlord x2  
  144  6:52  Hydralisk  
  144  6:53  Hydralisk x2  
  150  6:57  Extractor, Drone  
  150  6:58  Extractor  
  150  6:59  Drone  
  150  7:05  Drone x2  
  150  7:06  Drone  
  153  7:15  Drone x3  
  155  7:17  Muscular Augments  
  155  7:22  Hydralisk x4  
  164  7:33  Overlord  
  164  7:34  Overlord  
  164  7:36  Overlord  
  164  7:44  Hydralisk x3  
  164  7:45  Hydralisk  
  164  7:47  Overlord x2  
  164  7:50  Hydralisk x2  
  176  7:51  Hydralisk x2  
  176  7:56  Hydralisk x2  
  176  7:58  Roach  
  186  7:59  Roach  
  186  8:00  Roach  
  190  8:11  Roach x7  
Show
View Real Time Build Order
Export as new Build Order

Grandeur Protoss 

Build Orders: Double Forge, Forge Fast Expand (FFE), Colossus Rush 

Get SALT Encoding   

  12  0:01  Probe  
  13  0:13  Probe  
  14  0:22  Pylon  
  14  0:25  Probe  
  15  0:40  Probe  
  16  0:51  Forge  
  16  0:52  Probe  
  17  1:04  Probe  
  17  1:09  Nexus  
  18  1:28  Forge  
  18  1:29  Gateway  
  18  1:35  Pylon  
  18  1:37  Probe  
  19  1:48  Probe  
  19  1:50  Assimilator  
  20  1:56  Probe  
  21  2:05  Probe  
  22  2:16  Probe  
  22  2:17  Photon Cannon  
  22  2:20  Zealot  
  22  2:21  Probe  
  24  2:24  Assimilator  
  24  2:28  Probe  
  27  2:33  Probe  
  28  2:40  Probe  
  29  2:45  Probe  
  30  2:52  Probe  
  30  2:56  Probe  
  30  2:57  Cybernetics Core  
  31  3:01  Pylon  
  31  3:04  Probe x2  
  32  3:10  Pylon, Protoss Ground Weapons Level 1  
  33  3:16  Probe  
  33  3:18  Pylon  
  33  3:19  Probe  
  35  3:27  Assimilator  
  35  3:28  Probe  
  35  3:33  Stalker  
  36  3:36  Probe  
  36  3:37  Warp Gate  
  36  3:41  Probe  
  40  3:48  Probe  
  40  3:51  Robotics Facility  
  40  3:53  Probe  
  42  4:00  Probe  
  43  4:07  Probe  
  43  4:09  Assimilator  
  44  4:10  Probe  
  44  4:15  Gateway  
  45  4:17  Gateway  
  45  4:18  Probe  
  45  4:19  Probe  
  45  4:22  Sentry  
  49  4:27  Probe  
  50  4:31  Probe  
  50  4:34  Immortal  
  51  4:39  Robotics Bay  
  51  4:42  Pylon  
  55  4:55  Pylon  
  55  4:59  Pylon  
  55  5:04  Protoss Ground Armor Level 1  
  55  5:07  Observer  
  55  5:08  Gateway  
  55  5:09  Gateway  
  55  5:10  Pylon  
  56  5:18  Colossus  
  56  5:25  Sentry  
  56  5:26  Sentry, Stalker  
  68  5:38  Probe  
  68  5:39  Probe  
  70  5:55  Zealot x3  
  76  5:59  Colossus  
  76  6:05  Zealot x2  
  86  6:18  Stalker  
  86  6:19  Stalker x2  
  92  6:30  Zealot  
  92  6:31  Zealot  
  96  6:45  Stalker  
  96  6:46  Stalker  
  100  6:48  Stalker  
  102  6:54  Pylon  
  102  6:56  Pylon  
  102  6:57  Pylon  
  102  7:07  Immortal  
  102  7:13  Pylon  
  102  7:14  Pylon, Stalker  
  102  7:15  Sentry x4  
  116  7:41  Immortal  
  116  7:42  Stalker x4  
  116  7:43  Stalker  
  111  8:14  Stalker x2  
  111  8:15  Stalker x3  
Tags
 
Add a new tag
Caveats
  • Supply blocks, unpowered buildings, or Contaminate may cause inaccurate times.
  • Supply counts are checked every 10 seconds.